 Dungeon Crawl Stone Soup version 0.27.1-33-g824d729ab1 (webtiles) character file.

Game seed: 5736203973294424168

121 potato4science the Shield-Bearer (level 5, 0/42 HPs)
             Began as a Formicid Fighter on Dec 26, 2021.
             Succumbed to Robin's poison
             ... on level 3 of the Dungeon.
             The game lasted 00:10:38 (2991 turns).

potato4science the Shield-Bearer (Formicid Fighter) Turns: 2991, Time: 00:10:39

Health: 0/42       AC:  8    Str: 20    XL:     5   Next: 26%
Magic:  5/5        EV:  8    Int:  9    God:
Gold:   63         SH:  9    Dex: 10    Spells: 4/4 levels left

rFire    . . .     SeeInvis +   a - +0 war axe
rCold    . . .     Faith    .   c - +0 kite shield
rNeg     . . .     Spirit   .   h - +0 scale mail
rPois    .         Reflect  .   (helmet unavailable)
rElec    .         Harm     .   (no cloak)
rCorr    .         Rampage  .   (no gloves)
Will     .....                  p - +0 pair of boots
Stlth    ..........             (no amulet)
HPRegen  0.14/turn              (no ring)
MPRegen  0.09/turn              (no ring)

@: lethally poisoned (0 -> -1)
A: permanent stasis, dig shafts and tunnels, antennae 3, four strong arms
a: Dig, Shaft Self


You were on level 3 of the Dungeon.
You visited 1 branch of the dungeon, and saw 3 of its levels.

You collected 63 gold pieces.

Inventory:

Hand Weapons
 a - a +0 war axe (weapon)
 b - a +0 hunting sling
 e - a +1 whip of electrocution
Missiles
 f - 104 stones (quivered)
 j - 8 boomerangs of dispersal
 q - 15 bolts
Armour
 c - a +0 kite shield (worn)
 h - a +0 scale mail (worn)
 p - a +0 pair of boots (worn)
Wands
 i - a wand of paralysis (12)
Scrolls
 g - a scroll of fog {unknown}
 k - a scroll of identify {unknown}
 o - a scroll of blinking {unknown}
 r - a scroll of teleportation {unknown}
Potions
 d - a potion of might
 l - a potion of curing
 m - a potion of magic {unknown}
 n - a potion of attraction {unknown}
 s - a potion of cancellation {unknown}


   Skills:
 + Level 4.1 Fighting
 + Level 3.0 Axes
 + Level 4.1 Armour
 + Level 4.5 Shields


You had 4 spell levels left.
You didn't know any spells.
Your spell library contained the following spells:

 Spells                   Type           Power      Damage    Failure   Level
 Foxfire                  Conj/Fire      0%         2x1d4     96%         1
 Conjure Flame            Conj/Fire      0%         6-21      100%        3
 Dazzling Flash           Conj/Hex       0%         N/A       100%        3
 Gell's Gravitas          Tloc           0%         N/A       100%        3
 Inner Flame              Hex/Fire       0%         N/A       100%        3
 Teleport Other           Tloc           0%         N/A       100%        3
 Iskenderun's Mystic Bla  Conj/Tloc      0%         2d3       100%        4
 Dispersal                Tloc           0%         N/A       100%        6
 Starburst                Conj/Fire      0%         6d3       100%        6


Dungeon Overview and Level Annotations

Branches:
Dungeon (3/15)

Altars:


Innate Abilities, Weirdness & Mutations

You cannot be hasted, slowed, berserked, paralysed or teleported.
You can dig through walls and to a lower floor.
You have a pair of large antennae on your head. (SInv)
Your four strong arms can wield two-handed weapons with a shield.


Message History

Robin hits you with a +6 short sword of venom.
You slash Robin!
Robin is heavily wounded.
The goblin shoots a stone.
The stone hits you but does no damage.
Robin hits you with a +6 short sword of venom.
You are poisoned.
You hit Robin.
Robin is severely wounded.
You feel very sick.
The goblin shoots a stone.
You block the stone.
Robin hits you with a +6 short sword of venom.
You are more poisoned.
The goblin shoots a stone.
The stone hits you but does no damage.
Robin roars a battlecry!
The goblin goes into a battle-frenzy!
It was a potion of curing.
You feel better.
The goblin shoots a stone.
You block the stone.
Robin hits you with a +6 short sword of venom!
You are poisoned.
You slash Robin!
You kill Robin!
You feel very sick.
The goblin shoots a stone.
The stone hits you but does no damage.
You feel sick.
The goblin shoots a stone.
The stone hits you but does no damage.
You feel sick.
The goblin unwields a +0 hunting sling.
The goblin wields a +0 club.
The goblin completely misses you.
You closely miss the goblin.
You feel sick.
The goblin hits you but does no damage. x2
You hit the goblin.
The goblin is severely wounded.
You feel sick. You block the goblin's attack.
You closely miss the goblin.
The goblin is severely wounded.
You feel sick. The goblin barely misses you.
The goblin hits you with a +0 club.
* * * LOW HITPOINT WARNING * * *
You hit the goblin.
You kill the goblin!
You die...

...............)......#
...............)<.#
.>.............†#..#
............#.........
[..........##...........
#..........##...........
##......).###...........
#......)...##...........
#......<@..##...........
#.......)..# ...####
#..........#
#..........#
##........## ##......##
########


There were no monsters in sight!

Vanquished Creatures
  Jessica (D:2)
  Robin (D:3)
  An adder (D:2)
  A dart slug (D:1)
  2 endoplasms (D:1)
  3 giant cockroaches
  14 goblins
  4 hobgoblins
  4 jackals
  6 kobolds
  4 quokkas
  9 ball pythons
  9 bats
  3 frilled lizards
  6 rats
68 creatures vanquished.

Notes
Turn   | Place    | Note
-------+----------+-------------------------------------------
     0 | D:1      | potato4science the Formicid Fighter began the quest for the
                  | Orb.
     0 | D:1      | Reached XP level 1. HP: 18/18 MP: 1/1
   116 | D:1      | Reached XP level 2. HP: 20/24 MP: 2/2
   181 | D:1      | Found a faded altar of an unknown god.
   960 | D:1      | Reached XP level 3. HP: 29/29 MP: 3/3
  1002 | D:1      | You fall into a shaft and drop 1 floor!
  1244 | D:2      | Noticed Jessica
  2046 | D:1      | Reached XP level 4. HP: 37/37 MP: 4/4
  2486 | D:2      | Killed Jessica
  2746 | D:3      | Noticed Robin
  2762 | D:2      | Reached XP level 5. HP: 30/42 MP: 5/5
  2985 | D:3      | Killed Robin
  2990 | D:3      | HP: 1/42 [goblin[Robin] (4)]
  2991 | D:3      | Succumbed to Robin's poison

Illustrated notes

Levels and vault maps discovered:
D:1:      minmay_arrival_diagonal_passages, layout_basic,
          shapermc_ecumenical_altar_totnotflames, minivault_4, minmay_cupped
D:2:      layout_rooms, minmay_misc_feat_secret_circle, uniq_jessica
D:3:      layout_rooms, elyvilon_altar_3, kennysheep_path_1, uniq_robin

Skill      XL: |  1  2  3  4  5 |
---------------+----------------+-----
Shields        | 4 |  4.5
Fighting       | 4 |  4.1
Armour         | 4 |  4.1
Axes           | 3 |  3.0

Action                   |  1- 3 |  4- 6 || total
-------------------------+-------+-------++-------
Melee: Whip              |    50 |       ||    50
       War axe           |    71 |    59 ||   130
 Fire: Hunting sling     |    11 |    12 ||    23
Throw: Stone             |     3 |     2 ||     5
  Use: Potion            |       |     1 ||     1
Armor: Scale mail        |    68 |    42 ||   110
Dodge: Dodged            |    46 |    22 ||    68
Block: Kite shield       |    88 |    51 ||   139
